 Dungeon Crawl Stone Soup version 0.26.1-11-gd32895ea62 (webtiles) character file.

Game seed: 6101714276444068105

189 Zeld the Twirler (level 5, 0/34 HPs)
             Began as an Octopode Gladiator on May 22, 2021.
             Slain by an orc wizard
             ... wielding a +0 dagger
              (1 damage)
             ... on level 3 of the Dungeon.
             The game lasted 00:03:02 (4416 turns).

Zeld the Twirler (Octopode Gladiator)               Turns: 4416, Time: 00:03:02

Health: 0/34       AC:  1    Str: 14    XL:     5   Next: 68%
Magic:  5/5        EV: 14    Int: 11    God:
Gold:   99         SH:  0    Dex: 13    Spells: 4/4 levels left

rFire    . . .     SeeInvis .   a - +0 quarterstaff
rCold    . . .     Faith    .   (shield currently unavailable)
rNeg     . . .     Spirit   .   b - +0 hat
rPois    .         Reflect  .   (no amulet)
rElec    .         Harm     .   (no ring)
rCorr    .         Rampage  .   (no ring)
Will     .....                  (no ring)
Stlth    ++........             (no ring)
HPRegen  0.11/turn              (no ring)
MPRegen  0.09/turn              (no ring)
                                (no ring)
                                (no ring)

@: no status effects
A: almost no armour, stealthy swim, amphibious, 8 rings, constrict 8, camouflage
1, gelatinous body 1
a: no special abilities


You were on level 3 of the Dungeon.
You visited 1 branch of the dungeon, and saw 3 of its levels.

You collected 99 gold pieces.

Inventory:

Hand Weapons
 a - a +0 quarterstaff (weapon)
Missiles
 c - 3 throwing nets (quivered)
 i - 22 poisoned darts
Armour
 b - a +0 hat (worn)
Jewellery
 h - a +4 ring of evasion {unknown}
 o - an uncursed ring of magical power {unknown}
 p - an uncursed amulet of faith {unknown}
Scrolls
 e - 5 scrolls of identify {unknown}
 g - 2 scrolls of remove curse {unknown}
 l - a scroll of teleportation {unknown}
 n - a scroll of noise {unknown}
Potions
 d - 2 potions of lignification {unknown}
 f - 3 potions of ambrosia {unknown}
 j - a potion of curing
 k - 3 potions of degeneration {unknown}
 m - a potion of cancellation {unknown}
 q - 2 potions of brilliance {unknown}


   Skills:
 - Level 2.0 Fighting
 * Level 6.2 Staves
 - Level 2.0 Throwing
 - Level 3.0 Dodging


You had 4 spell levels left.
You didn't know any spells.
Your spell library was empty.

Dungeon Overview and Level Annotations

Branches:
Dungeon (3/15)

Altars:
Nemelex Xobeh

Annotations:
D:3 3 runed translucent doors, Sopht's ghost, amateur TrBe


Innate Abilities, Weirdness & Mutations

You cannot wear most types of armour.
You are very stealthy in the water. (Stealth+)
You are amphibious.
You can wear up to eight rings at the same time.
You can use your tentacles to constrict eight enemies at once.
Your skin changes colour to match your surroundings (Stealth+).
Your rubbery body absorbs attacks. (AC +1, EV +1)


Message History

You miss something. Something hits you.
You closely miss something.
You hear some strange, mumbled words.
A puff of frost appears from out of thin air!
The puff of frost hits you!
You hit something. Your squeeze misses something. Something hits you.
* * * LOW HITPOINT WARNING * * *
You barely miss something.
You hear some strange, mumbled words.
A magic dart appears from out of thin air!
The magic dart hits you.
* * * LOW HITPOINT WARNING * * *
You barely miss something. You squeeze something. Something hits you.
* * * LOW HITPOINT WARNING * * *
You closely miss something.
You hear some strange, mumbled words.
You closely miss something. Something hits you but does no damage.
Something barely misses you.
You miss something. Something hits you.
You die...

##..###.###.#
###...###.# #.#
#.......#.###.##
####.#...#.#.......
..#.##..#.#####.##
So......#.#####.##
#o#.##............
#{#.##+##..#######
#@#.#...#..# #
#.#........# #####
#.#........# #....
#..........###....
................+......
...####.........###....
# ##...............
##.....#########
##...## #


You could see an adder and 2 orcs.

Vanquished Creatures
  Terence (D:2)
  Robin (D:3)
  4 adders (D:2)
  4 gnolls (D:2)
  An ooze (D:2)
  A worm (D:3)
  3 dart slugs
  2 leopard geckos (D:1)
  2 orcs
  2 giant cockroaches
  14 goblins
  3 hobgoblins
  12 bats
  5 frilled lizards
  6 kobolds
  7 rats
68 creatures vanquished.

Notes
Turn   | Place    | Note
-------+----------+-------------------------------------------
     0 | D:1      | Zeld the Octopode Gladiator began the quest for the Orb.
     0 | D:1      | Reached XP level 1. HP: 14/14 MP: 1/1
   186 | D:1      | Reached XP level 2. HP: 16/19 MP: 2/2
   494 | D:1      | Reached skill level 4 in Staves
   513 | D:1      | Reached XP level 3. HP: 14/24 MP: 3/3
  1800 | D:2      | Reached XP level 4. HP: 26/29 MP: 4/4
  1934 | D:2      | Reached skill level 5 in Staves
  2307 | D:2      | Noticed Terence
  2318 | D:2      | Killed Terence
  2319 | D:2      | Reached XP level 5. HP: 12/34 MP: 5/5
  3575 | D:2      | Found a sparkling altar of Nemelex Xobeh.
  3687 | D:3      | Noticed Robin
  3696 | D:3      | Reached skill level 6 in Staves
  3709 | D:3      | Killed Robin
  3952 | D:3      | Found a runed translucent gate.
  3952 | D:3      | Found a runed translucent gate.
  3952 | D:3      | Found a runed translucent gate.
  3952 | D:3      | Noticed Sopht's ghost (amateur TrBe)
  3952 | D:3      | Noticed a big kobold
  3954 | D:3      | Noticed a big kobold
  4128 | D:3      | Found a faded altar of an unknown god.
  4413 | D:3      | HP: 1/34 [something (1)]
  4416 | D:3      | Slain by an orc wizard

Illustrated notes

Levels and vault maps discovered:
D:1:      nicolae_arrival_memento_mori, layout_basic, minmay_misc_feat_plants
D:2:      layout_basic, nemelex_dance_club_becter, uniq_terence
D:3:      layout_loops_corners, chequers_ecumenical_altar_simple,
          gammafunk_ghost_nasty_kobolds, uniq_robin

Skill      XL: |  1  2  3  4  5 |
---------------+----------------+-----
Staves         | 4 5 6 |  6.2
Fighting       | |  2.0
Throwing       | |  2.0
Dodging        | |  3.0

Action                   |  1- 3 |  4- 6 || total
-------------------------+-------+-------++-------
Melee: Quarterstaff      |    63 |    82 ||   145
       Constrict         |    14 |    15 ||    29
       Tentacles         |     6 |    11 ||    17
 Stab: Sleeping          |    13 |     9 ||    22
Armor: Skin              |    10 |     1 ||    11
Dodge: Dodged            |    51 |    39 ||    90
